 Dungeon Crawl Stone Soup version 0.29-a0-541-gaf1fc19f1b (webtiles) character file.

Game seed: 12870684087426017407

649 Sobieck the Reanimator (level 7, -5/69 HPs)
             Began as a Vampire Necromancer on June 2, 2022.
             Slain by an iguana (13 damage)
             ... on level 6 of the Dungeon.
             The game lasted 00:10:40 (4060 turns).

Sobieck the Reanimator (Vampire Necromancer)        Turns: 4060, Time: 00:10:41

Health: -5/69      AC:  4    Str:  7    XL:     7   Next: 28%
Magic:  0/10       EV: 11    Int: 20    God:
Gold:   206        SH:  0    Dex: 14    Spells: 2/10 levels left

rFire   . . .      SeeInvis +   a - +0 short sword {short}
rCold   . . .      Faith    .   (no shield)
rNeg    + . .      Spirit   .   o - +0 leather armour "Fotowkue" {Rampage Regen+}
rPois   .          Reflect  .   (no helmet)
rElec   .          Harm     .   f - +0 cloak
rCorr   .          Rampage  +   (no gloves)
Will    .....                   (no boots)
Stlth   ..........              (no amulet)
HPRegen 1.21/turn               p - ring of positive energy
MPRegen 0.12/turn               C - ring of flight

@: berserking, animating dead, flying, healing quickly, very quick
A: alive, fangs 3, see invisible, vampiric 2
a: Exsanguinate


You were on level 6 of the Dungeon.
You visited 1 branch of the dungeon, and saw 6 of its levels.

You collected 206 gold pieces.


Innate Abilities, Weirdness & Mutations

Your natural rate of healing is accelerated.
You have razor-sharp teeth.
You have supernaturally acute eyesight. (SInv)
You are afflicted with vampirism and can become a bat while bloodless.


   Skills:
 - Level 2.1 Dodging
 - Level 3.0 Stealth
 - Level 2.0 Spellcasting
 + Level 9.8 Necromancy


You had 2 spell levels left.
You knew the following spells:

 Your Spells              Type           Power      Damage    Failure   Level
a - Necrotize             Necr           100%       1d9       1%          1
b - Vampiric Draining     Necr           41%        2d8       1%          3
c - Animate Dead          Necr           41%        N/A       4%          4

Your spell library contained the following spells:

 Spells                   Type           Power      Damage    Failure   Level
 Agony                    Necr           41%        N/A       12%         5

Inventory:

Hand Weapons
 a - a +0 short sword (weapon) {short}
   (You took it off a kobold on level 1 of the Dungeon)
 b - a +1 hunting sling {sling}
   (You found it on level 1 of the Dungeon)
 d - a +0 whip of electrocution {mace}
   (You took it off a kobold on level 1 of the Dungeon)
Missiles
 e - 5 poisoned darts {throwing}
 g - 99 stones {throwing}
 q - 6 javelins {throwing}
 x - 6 boomerangs {throwing}
Armour
 c - a +0 robe
 f - a +0 cloak (worn)
   (You found it on level 1 of the Dungeon)
 k - a +0 chain mail
   (You found it on level 5 of the Dungeon)
 l - a +0 robe
   (You found it on level 3 of the Dungeon)
 m - a +0 chain mail
   (You found it on level 2 of the Dungeon)
 o - the +0 leather armour "Fotowkue" (worn) {Rampage Regen+}
   (You found it on level 2 of the Dungeon)

   Regen:     It increases your rate of health regeneration.
   Rampage:   It bestows one free step when moving towards enemies.
 t - a +0 plate armour
   (You found it on level 5 of the Dungeon)
 u - a +0 robe
   (You found it on level 3 of the Dungeon)
 v - a +0 leather armour
   (You found it on level 3 of the Dungeon)
 y - a +0 ring mail
   (You took it off an orc on level 3 of the Dungeon)
 E - a +0 robe
   (You took it off an orc wizard on level 5 of the Dungeon)
 G - a +0 ring mail
   (You found it on level 4 of the Dungeon)
Jewellery
 p - a ring of positive energy (left hand)
   (You found it on level 2 of the Dungeon)
 C - a ring of flight (right hand)
   (You found it on level 4 of the Dungeon)
Scrolls
 h - a scroll of magic mapping {!r}
 r - a scroll of torment {unknown}
 z - a scroll of silence {unknown}
Potions
 i - a potion of magic
 j - 2 potions of resistance {unknown}
 n - a potion of curing {@q1}
 s - a potion of cancellation
 w - 2 potions of degeneration {!q@e2}
 A - a potion of might
 D - a potion of brilliance {unknown}
 F - 2 potions of haste {unknown}
 H - 3 potions of flight

Dungeon Overview and Level Annotations

Branches:
Dungeon (6/15)
 Temple: D:4-7

Altars:
Cheibriados
Makhleb
Ru
Sif Muna
Wu Jian
Zin

Shops:
D:5 *

Annotations:
D:3 Grinder
D:4 2 transporters

##....... .♣.♣
#.......♣♣♣.♣.♣
........♣...♣.♣ ♣ .
..h.....♣.♣♣♣.♣♣♣.♣..
#..............
##...##....#
#ZZ##..>.#
##l##.##...# #@##.##
..... #..<..# ....
#...#.# ##.
...........
......####...#
.....#.. #....
...#..#. ..... ...##.
# ....# #. #. .#..


You could see an iguana (ally target), a friendly bullfrog zombie and a friendly
black bear skeleton.


Message History

You closely miss the gnoll. The gnoll closely misses you.
You hit the gnoll. The gnoll barely misses you.
You hit the gnoll but do no damage. The gnoll barely misses you.
You hit the gnoll.
You kill the gnoll!
The dead are walking!
Casting: Necrotize (safe; 1% risk of failure)
Confirm with . or Enter, or press ? or * to list all spells.
Aiming: Vampiric Draining (safe; 1% risk of failure)
Press: ? - help, Shift-Dir - straight line, f - black bear
Aim: a black bear You draw life force from the black bear!
You feel life coursing into your body. The black bear closely misses you.
The black bear claws you but does no damage.
The black bear claws you.
An iguana comes into view.
Casting: Vampiric Draining (safe; 1% risk of failure)
Confirm with . or Enter, or press ? or * to list all spells.
Aiming: Vampiric Draining (safe; 1% risk of failure)
Press: ? - help, Shift-Dir - straight line, f/p - black bear
Aim: a black bear (heavily wounded)
You draw life force from the black bear!
You feel life coursing into your body. The black bear bites you.
The black bear closely misses you. x2
Your gnoll zombie barely misses the gnoll.
Unknown command.
You hit the black bear but do no damage.
The black bear goes berserk!
Your gnoll zombie barely misses the gnoll.
The black bear bites you. The black bear barely misses you.
The black bear closely misses you.
You hit the black bear.
You punch the black bear, but do no damage.
The black bear barely misses you. The black bear claws you.
The black bear completely misses you.
Your gnoll zombie hits the gnoll.
The iguana bites your gnoll zombie!
You barely miss the black bear. The black bear barely misses you.
The black bear claws you.
The black bear claws you but does no damage.
The black bear bites you but does no damage.
The black bear barely misses you. The black bear closely misses you.
Your gnoll zombie barely misses the gnoll.
The iguana bites your gnoll zombie!
Unknown command.
You hit the black bear but do no damage.
The black bear bites you! The black bear claws you.
* * * LOW HITPOINT WARNING * * *
The black bear claws you but does no damage.
The iguana bites your gnoll zombie.
Your gnoll zombie is destroyed!
The black bear bites you.
* * * LOW HITPOINT WARNING * * *
The black bear claws you.
* * * LOW HITPOINT WARNING * * *
The black bear barely misses you.
Unknown command.
You barely miss the black bear. The black bear bites you!
* * * LOW HITPOINT WARNING * * *
The black bear claws you but does no damage.
The black bear misses you.
Unknown command.
Okay, then.
Casting: Vampiric Draining (safe; 1% risk of failure)
Confirm with . or Enter, or press ? or * to list all spells.
Aiming: Necrotize (safe; 1% risk of failure)
Press: ? - help, Shift-Dir - straight line, f/p - black bear
Aim: a black bear (almost dead, berserk, chance to affect: 83%)
The black bear writhes in agony!
You kill the black bear!
The dead are walking!
Your life force feels restored.
You have reached level 7!
Casting: Necrotize (safe; 1% risk of failure)
Confirm with . or Enter, or press ? or * to list all spells.
Okay, then.
Unknown command.
Really quaff
B - a potion of berserk rage {!q}?
A red film seems to cover your vision as you go berserk!
You feel yourself moving faster!
You feel mighty! The bullfrog hits you.
* * * LOW HITPOINT WARNING * * *
The bullfrog hits you.
* * * LOW HITPOINT WARNING * * *
Unknown command.
You closely miss the bullfrog. You bite the bullfrog. The bullfrog hits you.
* * * LOW HITPOINT WARNING * * *
Your black bear skeleton misses the gnoll.
Your black bear skeleton claws the gnoll. x2
You puncture the bullfrog! Your bite misses the bullfrog.
The bullfrog hits you but does no damage.
Your black bear skeleton bites the gnoll!
Your black bear skeleton claws the gnoll but does no damage.
Your black bear skeleton barely misses the gnoll.
You hit the bullfrog. You bite the bullfrog.
You kill the bullfrog!
The dead are hopping!
You puncture the gnoll!
You kill the gnoll!
The iguana hisses menacingly.
You hit the iguana. Your bite misses the iguana. The iguana bites you!
You die...

Skill      XL: |  1  2  3  4  5  6 |
---------------+-------------------+-----
Necromancy     | 5 6 7 8 9 |  9.8
Dodging        | |  2.1
Stealth        | |  3.0
Spellcasting   | |  2.0

Action                   |  1- 3 |  4- 6 |  7- 9 || total
-------------------------+-------+-------+-------++-------
Melee: Short sword       |    31 |    90 |     5 ||   126
       Bite              |     4 |     2 |     2 ||     8
       Unarmed           |     1 |       |       ||     1
       Punch             |     1 |     1 |       ||     2
 Fire: Hunting sling     |    28 |    35 |       ||    63
 Cast: Necrotize         |    32 |    40 |       ||    72
       Vampiric Draining |       |     3 |       ||     3
       Animate Dead      |       |     2 |       ||     2
  Use: Scroll            |       |    11 |       ||    11
       Potion            |       |     2 |     1 ||     3
 Stab: Sleeping          |     2 |     1 |       ||     3
Armor: Robe              |     7 |       |       ||     7
       Leather armour    |     3 |    21 |     1 ||    25
Dodge: Dodged            |    31 |    75 |       ||   106

Levels and vault maps discovered:
D:1:      dpeg_arrival_short_road, layout_loops_cross
D:2:      layout_basic, basic_altar, serial_bayou_ford_a, skrybe_limestone_x
D:3:      layout_basic, nzn_wu_jian_contemplation, zin_statuary,
          minmay_fountain_box, uniq_crazy_yiuf_cottage, uniq_grinder
D:4:      gammafunk_steamed_eel, layout_loops_ring, nicolae_ru_path_of_blood
D:5:      layout_basic, tgw_sif, serial_shops, kennysheep_mini_moat
D:6:      layout_rooms, mainiacjoe_overflow_large_starburst,
          okawaru_ov_weapons_minmay, minmay_temple_entry_large_hall,
          serial_shops, shop, ebering_ghost_sewer_f

Notes
Turn   | Place    | Note
-------+----------+-------------------------------------------
     0 | D:1      | Sobieck the Vampire Necromancer began the quest for the
                  | Orb.
     0 | D:1      | Reached XP level 1. HP: 13/13 MP: 3/3
   294 | D:1      | Reached XP level 2. HP: 18/19 MP: 0/5
   299 | D:1      | Reached skill level 5 in Necromancy
   868 | D:2      | Gained mutation: You are afflicted with vampirism and can
                  | become a bat while bloodless. [Vampire growth]
   868 | D:2      | Reached XP level 3. HP: 24/24 MP: 6/6
   872 | D:2      | Learned a level 3 spell: Vampiric Draining
  1026 | D:2      | You fall into a shaft and drop 1 floor!
  1144 | D:2      | Identified the +0 leather armour "Fotowkue" {Rampage
                  | Regen+}
  1380 | D:2      | Found a snail-covered altar of Cheibriados.
  1402 | D:2      | Reached skill level 6 in Necromancy
  1898 | D:3      | Found an ornate altar of the Wu Jian Council.
  1982 | D:3      | Noticed Grinder
  2058 | D:3      | Reached XP level 4. HP: 30/30 MP: 5/7
  2198 | D:4      | Noticed a phantom
  2306 | D:4      | Found a transporter.
  2353 | D:4      | Noticed a necrophage
  2381 | D:4      | Killed a necrophage
  2382 | D:4      | Reached skill level 7 in Necromancy
  2382 | D:4      | Reached XP level 5. HP: 23/35 MP: 8/8
  2387 | D:4      | Learned a level 4 spell: Animate Dead
  2438 | D:4      | Found a transporter.
  2540 | D:4      | Found a sacrificial altar of Ru.
  2859 | D:3      | Paralysed by Grinder for 3 turns
  2888 | D:2      | Killed a phantom
  3096 | D:5      | Entered Level 5 of the Dungeon
  3169 | D:5      | Found Nesogef's Assorted Antiques.
  3264 | D:5      | Reached skill level 8 in Necromancy
  3264 | D:5      | Reached XP level 6. HP: 31/41 MP: 0/9
  3898 | D:5      | Found a shimmering blue altar of Sif Muna.
  3976 | D:6      | Reached skill level 9 in Necromancy
  3986 | D:6      | Found a burning altar of Makhleb.
  4053 | D:6      | HP: 6/40 [black bear (11)]
  4055 | D:6      | Reached XP level 7. HP: 8/46 MP: 0/10
  4060 | D:6      | Slain by an iguana

Vanquished Creatures
  2 black bears
  A phantom (D:2)
  2 necrophages
  A bullfrog (D:6)
  A jelly (D:5)
  An orc wizard (D:5)
  3 gnolls (D:6)
  6 adders
  A worm (D:5)
  2 dart slugs
  4 orcs (D:3)
  6 endoplasms
  2 giant cockroaches
  8 goblins
  7 hobgoblins
  6 jackals
  2 quokkas
  3 ball pythons
  6 bats
  8 kobolds
  4 rats
76 creatures vanquished.

Vanquished Creatures (others)
  A gnoll zombie (D:6)
  2 plants (D:2)
3 creatures vanquished.

Grand Total: 79 creatures vanquished

Table legend:
 A = Non-vault XP
 B = Vault XP
 C = Vault XP percentage of total XP
 D = Non-vault monster count
 E = Vault monster count
 F = Vault count percentage of total count
                 A         B        C        D         E       F
            +---------+---------+-------+---------+---------+-------
      Total |     893 |      35 |   3.8 |      75 |       1 |   1.3
            +---------+---------+-------+---------+---------+-------
        D:1 |      35 |       0 |   0.0 |      22 |       0 |   0.0
        D:2 |     160 |       0 |   0.0 |      14 |       0 |   0.0
        D:3 |      27 |       0 |   0.0 |      12 |       0 |   0.0
        D:4 |     118 |       0 |   0.0 |      15 |       0 |   0.0
        D:5 |     213 |      35 |  14.1 |       6 |       1 |  14.3
        D:6 |     340 |       0 |   0.0 |       6 |       0 |   0.0
            +---------+---------+-------+---------+---------+-------

Illustrated notes

Table legend:
 A = Kills in this place as a percentage of kills in entire the game.
 B = Kills by you in this place as a percentage of kills by you in the entire game.
 C = Kills by friends in this place as a percentage of kills by friends in the entire game.
 D = Other kills in this place as a percentage of other kills in the entire game.
 E = Experience gained in this place as a percentage of experience gained in the entire game.
 F = Experience gained in this place divided by the number of levels of this place that you have seen.
                   A       B       C       D       E      F
               +-------+-------+-------+-------+-------+----------------------
         Total | 100.0 | 100.0 |   N/A |   N/A | 100.0 | 154.7
       Dungeon | 100.0 | 100.0 |   N/A |   N/A | 100.0 | 154.7
               +-------+-------+-------+-------+-------+----------------------

Table legend: (Time is in decaauts)
 A = Elapsed time spent in this place.
 B = Non-inter-level travel time spent in this place.
 C = Inter-level travel time spent in this place.
 D = Time resting spent in this place.
 E = Time spent auto-exploring this place.
 F = Levels seen in this place.
 G = Mean time per level.
                   A        B        C        D        E       F      G
               +--------+--------+--------+--------+--------+-----+--------+
         Total |   4107 |   3855 |    252 |     61 |   3126 |   6 |  684.5 |
       Dungeon |   4107 |   3855 |    252 |     61 |   3126 |   6 |  684.5 |
               +--------+--------+--------+--------+--------+-----+--------+

Top non-repeatable levels by time:
     D:2: 950 daAuts
     D:4: 877 daAuts
     D:5: 864 daAuts
     D:1: 836 daAuts
     D:3: 510 daAuts
     D:6: 68 daAuts
